 Dungeon Crawl Stone Soup version 0.22.1-6-g1668fe2 (webtiles) character file.

42410 dengdeng the Fencer (level 13, -11/117 HPs)
             Began as a Minotaur Berserker on Jan 28, 2019.
             Was a High Priest of Trog.
             Mangled by a two-headed ogre
             ... wielding a +0 giant club
              (15 damage)
             ... on level 15 of the Dungeon.
             The game lasted 01:04:54 (17092 turns).

dengdeng the Fencer (Minotaur Berserker)           Turns: 17092, Time: 01:04:54

Health: -11/117    AC: 21    Str: 26    XL:     13   Next: 85%
Magic:  0/4        EV: 10    Int:  4    God:    Trog [*****.]
Gold:   1050       SH:  6    Dex: 11    Spells: 12/12 levels left

rFire    . . .     SeeInvis .   O - +3 triple sword (antimagic)
rCold    . . .     Gourm    .   (shield currently unavailable)
rNeg     . . .     Faith    .   a - +0 plate armour
rPois    .         Spirit   +   H - +2 hat {MR+}
rElec    .         Reflect  +   F - scarf {Spirit}
rCorr    .         Harm     .   (no gloves)
MR       ++...                  (no boots)
Stlth    ..........             W - +6 amulet of reflection
HPRegen  0.29/turn              j - ring of protection from magic
MPRegen  0.09/turn              p - +4 ring of protection (curse)

@: no status effects
A: retaliatory headbutt, horns 2
a: Berserk, Trog's Hand, Brothers in Arms, Renounce Religion


You were on level 15 of the Dungeon.
You worshipped Trog.
Trog was extremely pleased with you.
You were very hungry.

You visited 1 branch of the dungeon, and saw 15 of its levels.

You collected 1050 gold pieces.

Inventory:

Hand Weapons
 n - a +1 great sword of freezing
 E - a +3 great sword of slicing
 O - a +3 antimagic triple sword (weapon)
 P - the +8 great sword "Qorex" {holy, Dex+7}
   (Trog gifted it to you on level 10 of the Dungeon)

   It has been blessed by the Shining One to cause great damage to the undead
   and demons.
   It affects your dexterity (+7).
 X - a +3 demon trident of pain
Missiles
 d - 443 stones
 l - 24 tomahawks
 B - 6 steel tomahawks
 K - 4 poisoned tomahawks
 T - 7 javelins of penetration (quivered)
 U - 5 javelins
 Y - 4 steel javelins
Armour
 a - a +0 plate armour (worn)
 F - a scarf of spirit shield (worn)
 H - a +2 hat of magic resistance (worn)
 J - a +0 shield
Jewellery
 i - an uncursed amulet of guardian spirit
 j - a ring of protection from magic (left hand)
 o - an uncursed ring of poison resistance
 p - a cursed +4 ring of protection (right hand)
 A - a +5 amulet of reflection
 L - an uncursed amulet of regeneration
 W - a +6 amulet of reflection (around neck)
Scrolls
 b - 4 scrolls of identify
 e - 8 scrolls of remove curse
 f - 3 scrolls of immolation {unknown}
 g - 2 scrolls of magic mapping {unknown}
 h - a scroll of noise {unknown}
 k - 9 scrolls of teleportation {unknown}
 u - 6 scrolls of enchant weapon {unknown}
 y - a scroll of enchant armour {unknown}
 z - 2 scrolls of blinking {unknown}
 M - a scroll of amnesia {unknown}
 N - a scroll of vulnerability {unknown}
 R - 2 scrolls of random uselessness {unknown}
Potions
 m - 4 potions of curing
 q - a potion of flight {unknown}
 r - a potion of cancellation {unknown}
 s - a potion of haste {unknown}
 t - a potion of lignification {unknown}
 v - 3 potions of brilliance {unknown}
 w - a potion of berserk rage
 x - 3 potions of might
 C - a potion of magic {unknown}
 D - a potion of mutation {unknown}
 G - 3 potions of heal wounds {unknown}
Miscellaneous
 S - 2 boxes of beasts
Comestibles
 c - 36 rations


   Skills:
 + Level 11.7 Fighting
 - Level 20.0 Long Blades
 + Level 4.5 Throwing
 + Level 12.5 Armour
 + Level 5.4 Dodging
 + Level 0.9 Stealth
 + Level 5.1 Shields


You had 12 spell levels left.
You didn't know any spells.
Your spell library was empty.

Dungeon Overview and Level Annotations

Branches:
Dungeon (15/15) Temple (0/1) D:4 Lair (0/6) D:8 Orc (0/2) D:11 Vaults (0/5) D:12 D:13 Depths: D:15

Altars:
Cheibriados
Dithmenos
Gozag
Nemelex Xobeh
Qazlal
Ru
Wu Jian
Zin
Beogh

Shops:
D:14 (

Portals:
Trove: D:14 (give +5 fire dragon scales)


Innate Abilities, Weirdness & Mutations

You reflexively headbutt those who attack you in melee.
You have a pair of horns on your head.


Message History

The two-headed ogre is lightly wounded.
An ogre mage comes into view. It is wielding a flail.
The two-headed ogre hits you but does no damage. x2
The two-headed ogre misses you.
The two-headed ogre hits you with a giant club.
* * * LOW HITPOINT WARNING * * *
Your plate armour prevents you from hitting the two-headed ogre.
You headbutt the two-headed ogre.
The two-headed ogre is lightly wounded.
The ogre mage casts a spell at something.
The two-headed ogre barely misses you. You furiously retaliate!
You headbutt the two-headed ogre!
You riposte.
You slice the two-headed ogre!! You headbutt the two-headed ogre!
The two-headed ogre is almost dead.
The two-headed ogre hits you with a giant club.
You slash the two-headed ogre!
You kill the two-headed ogre!
Trog accepts your kill.
The two-headed ogre hits you with a giant club!
You die...

..#...## ....
......# .....##.....
............# #
............###O#
................##
#........#.O.....##
#........(@)......
#.#...............
..#.....#...........
........(#..........
....##.(......#....
. ##....#####....
#.##.#.......## #.
##......# #
#.##.#######


You could see a two-headed ogre and an ogre mage.

Vanquished Creatures
  Gastronok (D:8)
  Nessos (D:13)
  2 centaur warriors
  10 two-headed ogres
  Urug (D:12)
  Nergalle (D:10)
  2 unseen horrors
  A deep elf archer (D:13)
  6 ugly things
  A cyclops (D:12)
  2 manticores
  Psyche (D:8)
  Joseph (D:8)
  A kobold demonologist (D:11)
  An efreet (D:12)
  3 yaktaurs
  A komodo dragon (D:14)
  2 trolls (D:12)
  8 slime creatures
  Grinder (D:3)
  4 hippogriffs
  A spriggan (D:7)
  A shadow (D:13)
  24 yaks
  6 water elementals (D:14)
  A wraith (D:15)
  16 humans
  Sigmund (D:2)
  2 hungry ghosts
  A steam dragon (D:12)
  8 vampire mosquitoes
  Edmund (D:4)
  A soldier ant (D:12)
  2 water moccasins (D:11)
  4 porcupines (D:8)
  12 orc warriors
  3 necrophages
  A hornet zombie (D:14)
  An ice beast (D:10)
  3 phantoms
  7 sky beasts
  An eye of draining (D:12)
  12 ogres
  20 centaurs
  2 big kobolds
  9 bullfrogs
  A wyvern zombie (D:12)
  A gnoll sergeant (D:8)
  3 scorpions
  8 wights
  20 killer bees
  A howler monkey (D:6)
  An electric eel (D:14)
  4 crimson imps
  3 bullfrog zombies
  2 centaur zombies (D:12)
  A quasit (D:10)
  A gnoll shaman (D:5)
  5 jellies
  28 orc wizards
  10 orc priests
  5 hounds
  7 centaur skeletons
  6 iguanas
  Natasha (twice) (D:2)
  14 worker ants
  A hound zombie (D:8)
  9 gnolls
  A howler monkey zombie (D:7)
  17 adders
  4 shadow imps
  12 white imps (D:14)
  An ooze (D:5)
  4 worms
  2 dart slugs
  8 leopard geckos
  85 orcs
  A ball python (D:4)
  5 bats
  9 giant cockroaches
  14 goblins
  10 hobgoblins
  12 jackals
  6 quokkas
  2 frilled lizards (D:2)
  A giant cockroach zombie (D:5)
  16 kobolds
  A leopard gecko skeleton (D:9)
  8 rats
543 creatures vanquished.

Vanquished Creatures (others)
  A centaur (D:13)
  2 bushes (D:12)
  A fungus (D:8)
4 creatures vanquished.

Grand Total: 547 creatures vanquished

Notes
Turn   | Place    | Note
-------+----------+-------------------------------------------
     0 | D:1      | dengdeng the Minotaur Berserker began the quest for the
                  | Orb.
     0 | D:1      | Reached XP level 1. HP: 19/19 MP: 0/0
    78 | D:1      | Reached skill level 4 in Long Blades
   216 | D:1      | Reached XP level 2. HP: 26/26 MP: 1/1
   867 | D:1      | Reached XP level 3. HP: 29/33 MP: 2/2
  1074 | D:2      | Reached ** piety under Trog
  1119 | D:2      | Reached skill level 5 in Long Blades
  1199 | D:2      | Reached skill level 1 in Throwing
  1199 | D:2      | Reached XP level 4. HP: 40/40 MP: 3/3
  1252 | D:2      | Noticed Sigmund
  1264 | D:2      | Killed Sigmund
  1264 | D:2      | Reached skill level 6 in Long Blades
  1264 | D:2      | Reached XP level 5. HP: 12/46 MP: 4/4
  1502 | D:2      | Found a sacrificial altar of Ru.
  1838 | D:2      | Found a faded altar of an unknown god.
  1909 | D:2      | Noticed Natasha
  1920 | D:2      | Killed Natasha
  2131 | D:2      | Reached XP level 6. HP: 43/53 MP: 5/5
  2290 | D:2      | Noticed Natasha
  2299 | D:2      | Killed Natasha
  2761 | D:3      | Reached *** piety under Trog
  3077 | D:3      | Noticed Grinder
  3089 | D:3      | Killed Grinder
  3089 | D:3      | Reached skill level 7 in Long Blades
  3089 | D:3      | Reached XP level 7. HP: 25/60 MP: 6/6
  3395 | D:3      | Found an ornate altar of the Wu Jian Council.
  3395 | D:3      | Found a snail-covered altar of Cheibriados.
  3491 | D:3      | Found a shadowy altar of Dithmenos.
  3683 | D:4      | Reached skill level 5 in Fighting
  3689 | D:4      | Reached skill level 8 in Long Blades
  3881 | D:4      | Found a staircase to the Ecumenical Temple.
  3889 | D:4      | Noticed Edmund
  3914 | D:4      | Killed Edmund
  3914 | D:4      | Reached skill level 5 in Armour
  4293 | D:5      | Entered Level 5 of the Dungeon
  4298 | D:5      | Reached XP level 8. HP: 68/68 MP: 7/7
  4302 | D:5      | Reached skill level 9 in Long Blades
  4376 | D:5      | Reached **** piety under Trog
  4395 | D:5      | Noticed a hippogriff
  4399 | D:5      | Killed a hippogriff
  4858 | D:5      | Reached skill level 10 in Long Blades
  5076 | D:5      | Found a sparkling altar of Nemelex Xobeh.
  5322 | D:6      | Reached XP level 9. HP: 74/75 MP: 8/8
  5622 | D:6      | Reached skill level 11 in Long Blades
  5890 | D:6      | Found a stormy altar of Qazlal.
  6130 | D:7      | Found an opulent altar of Gozag.
  6343 | D:7      | Reached skill level 12 in Long Blades
  6347 | D:7      | Reached ***** piety under Trog
  6462 | D:7      | Received a gift from Trog
  7315 | D:7      | Reached XP level 10. HP: 85/85 MP: 9/9
  7385 | D:7      | Reached skill level 13 in Long Blades
  7385 | D:7      | Reached skill level 5 in Dodging
  7573 | D:8      | Noticed Gastronok
  7592 | D:8      | Killed Gastronok
  7592 | D:8      | Reached skill level 14 in Long Blades
  8231 | D:8      | Reached skill level 15 in Long Blades
  8352 | D:8      | Noticed a two-headed ogre
  8362 | D:8      | Killed a two-headed ogre
  8362 | D:8      | Reached XP level 11. HP: 84/93 MP: 6/10
  8736 | D:8      | Found a staircase to the Lair.
  8783 | D:8      | Noticed Joseph
  8796 | D:8      | Killed Joseph
  9024 | D:8      | Noticed Psyche
  9033 | D:8      | Killed Psyche
  9033 | D:8      | Received a gift from Trog
  9345 | D:9      | Noticed a two-headed ogre
  9346 | D:9      | Noticed a two-headed ogre
  9351 | D:9      | Killed a two-headed ogre
  9355 | D:9      | Killed a two-headed ogre
  9500 | D:9      | Found a glowing silver altar of Zin.
  9641 | D:9      | Reached skill level 16 in Long Blades
  9686 | D:9      | Noticed a two-headed ogre
  9700 | D:9      | Killed a two-headed ogre
 10212 | D:10     | Entered Level 10 of the Dungeon
 10315 | D:10     | Found a roughly hewn altar of Beogh.
 10345 | D:10     | Received a gift from Trog
 10422 | D:10     | Got a crystal great sword {god gift}
 10429 | D:10     | Identified the +8 great sword "Qorex" {holy, Dex+7} (Trog
                  | gifted it to you on level 10 of the Dungeon)
 10522 | D:10     | Noticed Nergalle
 10528 | D:10     | Killed Nergalle
 10528 | D:10     | Reached skill level 10 in Armour
 10878 | D:11     | Noticed a two-headed ogre
 10883 | D:11     | Killed a two-headed ogre
 10883 | D:11     | Reached skill level 17 in Long Blades
 11089 | D:11     | Reached XP level 12. HP: 96/103 MP: 11/11
 11174 | D:11     | Found a labyrinth entrance.
 11446 | D:11     | Received a gift from Trog
 11573 | D:11     | Found a staircase to the Orcish Mines.
 12502 | D:12     | Reached skill level 18 in Long Blades
 12650 | D:12     | Noticed a two-headed ogre
 12656 | D:12     | Killed a two-headed ogre
 13357 | D:13     | Found a gate to the Vaults.
 13357 | D:13     | Noticed Urug
 13357 | D:13     | Noticed a two-headed ogre
 13357 | D:13     | Noticed Nessos
 13357 | D:13     | Noticed a two-headed ogre
 13370 | D:12     | Reached skill level 10 in Fighting
 13379 | D:12     | Reached skill level 19 in Long Blades
 13571 | D:12     | Killed Urug
 13899 | D:12     | Killed a two-headed ogre
 14118 | D:12     | Killed a two-headed ogre
 14118 | D:12     | Reached skill level 1 in Shields
 14118 | D:12     | Reached XP level 13. HP: 71/113 MP: 12/12
 14785 | D:13     | Killed Nessos
 14785 | D:13     | Received a gift from Trog
 15613 | D:14     | Found Vaocuc's Antique Weapon Shop.
 15681 | D:14     | Reached skill level 20 in Long Blades
 16107 | D:14     | Found a frozen archway.
 16321 | D:14     | Found a portal to a secret trove of treasure.
 16383 | D:14     | Received a gift from Trog
 16898 | D:15     | Entered Level 15 of the Dungeon
 17009 | D:15     | Reached skill level 5 in Shields
 17090 | D:15     | HP: 3/117 [two-headed ogre/giant club (5)]
 17092 | D:15     | Mangled by a two-headed ogre

Skill      XL: |  1  2  3  4  5  6  7  8  9 10 11 12 13 |
---------------+----------------------------------------+-----
Long Blades    | 4 5 6 7 8 10 12 15 17 19 20 | 20.0
Fighting       | 4 5 7 9 10 11 | 11.7
Throwing       | 1 2 3 4 |  4.5
Armour         | 3 4 5 6 7 8 10 11 12 | 12.5
Dodging        | 3 4 5 |  5.4
Shields        | 1 5 |  5.1
Stealth        | |  0.9

Action                   |  1- 3 |  4- 6 |  7- 9 | 10-12 | 13-15 || total
-------------------------+-------+-------+-------+-------+-------++-------
Melee: Falchion          |    72 |    77 |       |       |       ||   149
       Headbutt          |     6 |    18 |    55 |   124 |    61 ||   264
       Long sword        |       |    17 |   134 |       |       ||   151
       Scimitar          |       |       |    58 |       |       ||    58
       Great sword       |       |       |   112 |   524 |   136 ||   772
       Triple sword      |       |       |       |       |    66 ||    66
Throw: Stone             |    71 |    46 |    35 |    35 |     3 ||   190
       Javelin           |       |       |       |     4 |    12 ||    16
       Tomahawk          |       |       |       |     2 |       ||     2
Invok: Trog's Hand       |       |     2 |    10 |    11 |     1 ||    24
       Berserk           |       |     1 |     2 |     4 |     1 ||     8
  Use: Potion            |       |     2 |       |     2 |       ||     4
       Scroll            |       |       |     2 |     4 |     1 ||     7
  Eat: Chunk             |     1 |     7 |    23 |    29 |    11 ||    71
Armor: Animal skin       |     2 |       |       |       |       ||     2
       Ring mail         |    20 |    23 |    45 |       |       ||    88
       Scale mail        |       |       |    41 |    25 |       ||    66
       Plate armour      |       |       |       |   297 |   133 ||   430
Dodge: Dodged            |    36 |    53 |   177 |   323 |   117 ||   706
Block: Other             |       |       |       |    39 |    75 ||   114
       Reflection        |       |       |       |     3 |    12 ||    15
       Rpst.: Falchion   |    13 |     9 |       |       |       ||    22
       Long sword        |       |     6 |    25 |       |       ||    31
       Scimitar          |       |       |     7 |       |       ||     7
       Great sword       |       |       |     9 |    70 |    29 ||   108
       Triple sword      |       |       |       |       |     9 ||     9
